 Dungeon Crawl Stone Soup version 0.31-a0-7-g51783674b7 (webtiles) character file.

Game seed: 11804673935794494928

6218 pokeman the Thaumaturge (level 10, -3/53 HPs)
             Began as a Deep Elf Hedge Wizard on May 5, 2023.
             Was a Priest of Vehumet.
             Slain by an orc warrior
             ... wielding a +3 battleaxe
              (13 damage)
             ... in a bailey.
             The game lasted 00:25:02 (9461 turns).

pokeman the Thaumaturge (Deep Elf Hedge Wizard)     Turns: 9461, Time: 00:25:03

Health: -3/53      AC: 12    Str: 11    XL:     10   Next: 61%
Magic:  21/29      EV: 14    Int: 24    God:    Vehumet [***...]
Gold:   329        SH:  0    Dex: 26    Spells: 18/36 levels left

rFire   x . .        L - +9 mace of Ignis's Benevolence {freeze, rPois rF- Str+4}
rCold   . . .        (no shield)
rNeg    . . .        V - +0 steam dragon scales
rPois   +            m - +2 helmet
rElec   .            G - +0 cloak
rCorr   .            p - +0 pair of gloves
SInv    .            k - +0 pair of boots
Will    +....        s - amulet of regeneration
Stlth   +++          i - +6 ring of dexterity
HPRegen 1.08/turn    b - +6 ring of dexterity
MPRegen 0.21/turn

%: no passive effects
@: no status effects
A: no striking features
a: Renounce Religion


You were in a bailey.
You worshipped Vehumet.
Vehumet was most pleased with you.
You visited 2 branches of the dungeon, and saw 10 of its levels.
You also visited: Sewer and Bailey.

You collected 389 gold pieces.
You spent 60 gold pieces at shops.

Inventory:

Hand Weapons
 f - a +2 flail of draining
 D - the +8 hammer of Brawling {freeze, rC+}
   (You found it on level 4 of the Dungeon)

   rC:        It protects you from cold.
 F - a +2 quarterstaff of chaos
 L - the +9 mace of Ignis's Benevolence (weapon) {freeze, rPois rF- Str+4}
   (You found it on level 5 of the Dungeon)

   Str:       It affects your strength (+4).
   rF:        It makes you vulnerable to fire.
   rPois:     It protects you from poison.
Missiles
 J - a throwing net
Armour
 k - a +0 pair of boots (worn)
 l - a +0 buckler
 m - a +2 helmet (worn)
 p - a +0 pair of gloves (worn)
 G - a +0 cloak (worn)
 V - +0 steam dragon scales (worn)
Magical Staves
 C - a staff of fire
Jewellery
 b - a +6 ring of dexterity (right hand)
 e - a ring of fire
 i - a +6 ring of dexterity (left hand)
 s - an amulet of regeneration (around neck)
 A - an amulet of faith
Wands
 E - a wand of flame (25)
 I - a wand of mindburst (35)
 P - a wand of roots (12)
 Q - a wand of charming (17)
 R - a wand of digging (3)
Scrolls
 g - 4 scrolls of vulnerability {unknown}
 h - a scroll of summoning {unknown}
 n - 3 scrolls of teleportation {unknown}
 t - 13 scrolls of identify
 u - 3 scrolls of enchant armour {unknown}
 v - 2 scrolls of magic mapping {unknown}
 y - 2 scrolls of amnesia {unknown}
 K - a scroll of fog {unknown}
 N - 2 scrolls of immolation {unknown}
 O - a scroll of acquirement {unknown}
 T - a scroll of blinking {unknown}
 U - 2 scrolls of noise {unknown}
Potions
 a - a potion of lignification {unknown}
 d - 3 potions of magic
 j - a potion of attraction {unknown}
 o - 3 potions of might {unknown}
 q - 3 potions of haste {unknown}
 r - 4 potions of curing {unknown}
 w - 2 potions of invisibility {unknown}
 x - a potion of cancellation {unknown}
 z - 4 potions of mutation {unknown}
 B - a potion of flight {unknown}
 H - a potion of brilliance
 M - a potion of heal wounds {unknown}
 S - a potion of ambrosia {unknown}


   Skills:
 - Level 2.1 Fighting
 + Level 2.5 Armour
 - Level 3.0 Dodging
 - Level 3.0 Stealth
 - Level 4.1 Shields
 * Level 13.8 Spellcasting
 + Level 7.9 Conjurations
 - Level 4.0 Summonings
 - Level 1.1 Translocations
 + Level 5.2 Fire Magic
 - Level 2.3 Air Magic
 - Level 2.5 Poison Magic
 - Level 1.0 Evocations


You had 18 spell levels left.
You knew the following spells:

 Your Spells              Type           Power      Damage    Failure   Level
a - Magic Dart            Conj           100%       1d8       1%          1
b - Mephitic Cloud        Conj/Pois/Air  37%        N/A       1%          3
c - Call Imp              Summ           70%        N/A       1%          2
d - Blink                 Tloc           42%        N/A       3%          2
e - Iskenderun's Mystic   Conj/Tloc      38%        2d9       1%          4
f - Iron Shot             Conj/Erth      17%        9d4       26%         6

Your spell library contained the following spells:

 Spells                   Type           Power      Damage    Failure   Level
 Summon Small Mammal      Summ           100%       N/A       1%          1
 Call Canine Familiar     Summ           35%        N/A       1%          3
 Cigotuvi's Dreadful Rot  Necr/Pois/Air  48%        N/A       2%          2
 Slow                     Hex            64%        N/A       3%          1
 Lesser Beckoning         Tloc           42%        N/A       3%          2
 Summon Guardian Golem    Hex/Summ       26%        N/A       4%          3
 Passwall                 Tmut/Erth      13%        N/A       5%          2
 Gell's Gravitas          Tloc           21%        N/A       7%          3
 Teleport Other           Tloc           21%        N/A       7%          3
 Shatter                  Erth           8%         3d10*     100%        9


Dungeon Overview and Level Annotations

Branches:
Dungeon (9/15)             Temple (1/1) D:4            Lair (0/5) D:8
    Orc (0/2) D:9           Sewer (visited)          Bailey (1/1)

Altars:
Ashenzari
Cheibriados
Dithmenos
Elyvilon
Fedhas
Gozag
Hepliaklqana
Kikubaaqudgha
Makhleb
Okawaru
Qazlal
Ru
Vehumet
Wu Jian

Shops:
D:2 (   D:4 [   D:9 [**

Annotations:
D:8 3 runed translucent doors, Jackthecabe's ghost, novice DjHW


Message History

The orc warrior is almost dead.
The stinking cloud engulfs you but does no damage.
The orc warrior is engulfed in noxious fumes.
The orc warrior appears confused.
The orc warrior closely misses you.
Unknown command.
Unknown command.
You hit the orc warrior. You freeze the orc warrior.
The orc warrior is almost dead.
The orc warrior is engulfed in noxious fumes.
The orc warrior appears confused.
The orc warrior hits you with a +3 battleaxe!
The orc warrior is engulfed in noxious fumes.
The orc warrior appears confused.
The orc warrior closely misses you.
You hit the orc warrior. You freeze the orc warrior.
You kill the orc warrior!
Vehumet accepts your kill.
You feel your power returning.
The orc warrior is engulfed in noxious fumes.
The orc warrior appears confused.
The orc warrior hits the orc warrior with a +0 war axe!
The orc warrior is engulfed in noxious fumes.
The orc warrior appears confused.
The orc warrior hits you with a +3 battleaxe!
The orc warrior is engulfed in noxious fumes.
The orc warrior appears confused.
You barely miss the orc warrior.
The orc warrior is heavily wounded.
The orc warrior is engulfed in noxious fumes.
The orc warrior appears confused.
The orc warrior hits you with a +3 battleaxe!
* * * LOW HITPOINT WARNING * * *
The orc warrior chortles and stares into space.
An electric eel comes into view.
The orc warrior is engulfed in noxious fumes.
The orc warrior appears confused.
The orc warrior gestures wildly.
The orc warrior is engulfed in noxious fumes.
The orc warrior appears confused.
The orc warrior hits you with a +3 battleaxe!
You die...

######################
≈≈≈≈≈≈≈≈≈≈≈≈≈≈≈≈≈≈≈≈≈≈
≈≈≈≈≈≈≈≈≈≈≈≈≈≈≈≈≈≈≈≈≈≈
≈≈≈≈≈≈≈≈≈≈≈≈≈≈≈≈≈≈≈≈≈≈
≈≈≈≈≈≈≈≈≈≈≈≈≈≈≈≈≈≈≈≈≈
≈≈≈≈≈≈≈≈≈≈≈≈≈≈≈≈≈≈≈
######~~~~~~~~~~~#####
#.'.°@.....∩...†....'.
###oo######.######..##
#.°..#[[.#...#g))#....
#....#[[.#...#.))#....
#'#'##+###8.8###'##'#'
≈~.#..# #...# .#..#.
≈≈S #..# #8.8# ##..#.
≈≈~ #.)# #...# #..#.
#).# #..#.


You could see 2 orc warriors and an electric eel.

Vanquished Creatures
  Pikel (D:4)
  2 orc knights (Bailey)
  A troll (D:9)
  4 yaks (D:9)
  A steam dragon (D:9)
  Eustachio (D:4)
  Menkaure (D:4)
  2 water moccasins (D:7)
  5 orc warriors (Bailey)
  2 sky beasts
  2 ice beasts
  An ogre (D:4)
  3 centaurs
  A phantom (D:5)
  4 bullfrogs
  A kobold brigand (D:8)
  3 scorpions
  6 killer bees (D:9)
  3 electric eels (Bailey)
  A howler monkey (D:5)
  5 jellies
  Crazy Yiuf (D:4)
  5 hounds
  2 orc priests (D:8)
  A gnoll bouda (D:7)
  2 iguanas
  Natasha (thrice) (D:4)
  6 orc wizards
  Robin (D:2)
  12 gnolls
  10 adders
  3 river rats
  2 white imps
  2 ufetubi
  4 worms
  25 orcs
  16 endoplasms
  3 giant cockroaches
  18 goblins
  12 hobgoblins
  9 jackals
  2 quokkas
  9 ball pythons
  4 bats (D:1)
  7 frilled lizards
  10 kobolds
  13 rats
232 creatures vanquished.

Vanquished Creatures (collateral kills)
  A steam dragon (D:7)
  An orc warrior (D:7)
  An ice beast (D:5)
  A killer bee (D:9)
  A white imp (D:7)
5 creatures vanquished.

Vanquished Creatures (others)
  16 fungi
  18 plants (D:9)
  5 toadstools (D:1)
39 creatures vanquished.

Grand Total: 276 creatures vanquished

Notes
Turn   | Place    | Note
-------+----------+-------------------------------------------
     0 | D:1      | pokeman the Deep Elf Hedge Wizard began the quest for the
                  | Orb.
     0 | D:1      | Reached XP level 1. HP: 10/10 MP: 7/7
   236 | D:1      | Reached XP level 2. HP: 15/15 MP: 7/9
   791 | D:1      | Reached skill level 5 in Spellcasting
  1009 | D:1      | Reached XP level 3. HP: 18/20 MP: 11/11
  1013 | D:1      | Learned a level 3 spell: Mephitic Cloud
  1016 | D:1      | Learned a level 2 spell: Call Imp
  1019 | D:1      | Learned a level 2 spell: Blink
  1027 | D:2      | Noticed Robin
  1034 | D:2      | Killed Robin
  1158 | D:2      | Found an ancient bone altar of Kikubaaqudgha.
  1264 | D:2      | Reached skill level 1 in Armour
  1363 | D:2      | Reached skill level 1 in Fighting
  1867 | D:2      | Found Niuxuopt's Weapon Boutique.
  2260 | D:3      | Reached XP level 4. HP: 25/25 MP: 9/13
  2429 | D:3      | Found a faded altar of an unknown god.
  2430 | D:3      | Got the Writings on the Fault
  2463 | D:3      | Found a glowing drain.
  2471 | Sewer    | Entered a sewer
  2724 | Sewer    | Reached skill level 6 in Spellcasting
  2813 | Sewer    | Reached XP level 5. HP: 29/29 MP: 6/15
  2980 | Sewer    | Reached skill level 1 in Shields
  3165 | Sewer    | Found a viscous altar of Jiyva.
  3439 | D:3      | Reached XP level 6. HP: 29/34 MP: 10/17
  3558 | D:3      | Found a blossoming altar of Fedhas.
  3889 | D:4      | Noticed Pikel
  3909 | D:4      | Killed Pikel
  3910 | D:4      | Reached skill level 8 in Spellcasting
  3910 | D:4      | Reached XP level 7. HP: 38/38 MP: 13/20
  4106 | D:4      | Found Coloym's Antique Armour Emporium.
  4127 | D:4      | Found a broken altar of Ashenzari.
  4275 | D:4      | Noticed Menkaure
  4283 | D:4      | Noticed Natasha
  4289 | D:4      | HP: 1/38 [cerulean imp/+2 spear[Natasha] (5)]
  4340 | D:4      | Killed Natasha
  4348 | D:4      | Killed Menkaure
  4477 | D:4      | Reached XP level 8. HP: 44/44 MP: 16/22
  4529 | D:4      | Reached skill level 9 in Spellcasting
  4574 | D:4      | Found a hazy altar of Hepliaklqana.
  4597 | D:4      | Noticed Eustachio
  4621 | D:4      | Killed Eustachio
  4672 | D:4      | Found a staircase to the Ecumenical Temple.
  4749 | Temple   | Entered the Ecumenical Temple
  4755 | Temple   | Became a worshipper of Vehumet
  5184 | D:4      | Noticed Natasha
  5195 | D:4      | Killed Natasha
  5204 | D:4      | Found a runed translucent door.
  5205 | D:4      | Noticed Crazy Yiuf
  5205 | D:4      | Noticed Natasha
  5214 | D:4      | Killed Crazy Yiuf
  5219 | D:4      | Killed Natasha
  5221 | D:4      | Identified the +8 hammer of Brawling {freeze, rC+}
  5310 | D:5      | Entered Level 5 of the Dungeon
  5385 | D:5      | Reached skill level 5 in Conjurations
  5719 | D:5      | Found a stormy altar of Qazlal.
  5825 | D:5      | Reached skill level 10 in Spellcasting
  5825 | D:5      | Reached skill level 1 in Evocations
  6013 | D:5      | Reached * piety under Vehumet
  6013 | D:5      | Offered knowledge of Freeze by Vehumet.
  6161 | D:5      | Identified the +9 mace of Ignis's Benevolence {freeze,
                  | rPois rF- Str+4}
  6475 | D:6      | Found an opulent altar of Gozag.
  6634 | D:6      | Reached XP level 9. HP: 44/48 MP: 19/25
  6976 | D:6      | Reached skill level 1 in Fire Magic
  7227 | D:7      | Reached skill level 11 in Spellcasting
  7370 | D:7      | Reached ** piety under Vehumet
  7370 | D:7      | Offered knowledge of Static Discharge by Vehumet.
  7424 | D:7      | Found a sacrificial altar of Ru.
  8044 | D:8      | Reached skill level 12 in Spellcasting
  8210 | D:8      | Found an ornate altar of the Wu Jian Council.
  8297 | D:8      | Identified the +0 plate armour of Diral {rPois}
  8300 | D:8      | Noticed Jackthecabe's ghost (novice DjHW)
  8304 | D:8      | Found a runed translucent gate.
  8304 | D:8      | Found a runed translucent gate.
  8304 | D:8      | Found a runed translucent gate.
  8340 | D:8      | Offered knowledge of Volatile Blastmotes by Vehumet.
  8455 | D:8      | Found a staircase to the Lair.
  8742 | D:9      | Learned a level 6 spell: Iron Shot
  8750 | D:9      | Found a staircase to the Orcish Mines.
  8792 | D:9      | Noticed a troll
  8796 | D:9      | Reached XP level 10. HP: 53/53 MP: 24/28
  8826 | D:9      | Found Joaxueh's Specific Store.
  8826 | D:9      | Found Neilucok's General Store.
  8882 | D:9      | Reached *** piety under Vehumet
  8899 | D:9      | Bought a potion of degeneration for 12 gold pieces
  8899 | D:9      | Bought a scroll of identify for 24 gold pieces
  8899 | D:9      | Bought a scroll of identify for 24 gold pieces
  8926 | D:9      | Found a snail-covered altar of Cheibriados.
  8926 | D:9      | Found Cheibriados's Comfort Zone.
  8947 | D:9      | Noticed a gargoyle
  9013 | D:9      | Reached skill level 13 in Spellcasting
  9032 | D:9      | Found a flagged portal.
  9041 | Bailey   | Entered a bailey
  9169 | Bailey   | Noticed an orc knight
  9173 | Bailey   | Offered knowledge of Iskenderun's Mystic Blast by Vehumet.
  9182 | Bailey   | Learned a level 4 spell: Iskenderun's Mystic Blast
  9211 | Bailey   | Killed an orc knight
  9256 | Bailey   | Noticed an orc knight
  9283 | Bailey   | Killed an orc knight
  9284 | Bailey   | Reached skill level 5 in Fire Magic
  9424 | Bailey   | Noticed an orc sorcerer
  9461 | Bailey   | Slain by an orc warrior

Illustrated notes

Levels and vault maps discovered:
D:1:      ldierk_walled_garden, layout_loops_cross, minmay_domino_2
D:2:      layout_basic, serial_shops, shop, basic_altar,
          minmay_tree_intersection, uniq_robin
D:3:      layout_loops_ring, mainiacjoe_overflow_cross_hatched,
          gup_sewer_entry_bowl, chequers_ecumenical_altar_simple_redux
D:4:      minmay_evil_eye, layout_loops_ring, ashenzari_altar_1,
          mainiacjoe_overflow_brackets, minmay_temple_entry_overgrown,
          serial_shops, shop, uniq_natasha, uniq_menkaure,
          uniq_crazy_yiuf_cottage, uniq_eustachio, uniq_pikel
D:5:      layout_gridville, grunt_qazlal_sundering
D:6:      layout_loops_ring, kennysheep_mini_moat
D:7:      layout_basic, mainiacjoe_overflow_concentric_impassable,
          interstate_on_off, sigmund_army
D:8:      layout_loops_cross, nzn_wu_jian_contemplation, lair_entry_dummy,
          biasface_ghost_orc_armoury
D:9:      minmay_blocky_corners, layout_stronghold,
          nicolae_sif_muna_little_library, orc_0_dummy, enter_bailey_2,
          kennysheep_crisscross, nicolae_specific_store, kennysheep_donut,
          chequers_serial_rivers_micro_a, nicolae_elemental_shop,
          minmay_shop_chei, nicolae_looking_at_the_future, uniq_maggie,
          uniq_psyche
Temple:   compressed_dpeg_triangle_lava_temple
Bailey:   bailey_axe_of_yendor_kennysheep, bailey

Skill      XL: |  1  2  3  4  5  6  7  8  9 10 |
---------------+-------------------------------+-----
Spellcasting   | 5 6 8 10 12 13 | 13.8
Armour         | 1 2 |  2.5
Fighting       | 1 2 |  2.1
Conjurations   | 2 3 4 5 7 |  7.9
Dodging        | 3 |  3.0
Stealth        | 3 |  3.0
Shields        | 1 3 4 |  4.1
Air Magic      | 2 |  2.3
Poison Magic   | 2 |  2.5
Summonings     | 2 4 |  4.0
Evocations     | 1 |  1.0
Fire Magic     | 3 5 |  5.2
Translocations | |  1.1

Action                     |  1- 3 |  4- 6 |  7- 9 | 10-12 || total
---------------------------+-------+-------+-------+-------++-------
  Melee: Flail             |    21 |    46 |    29 |       ||    96
         Mace              |       |       |   119 |    45 ||   164
         Punch             |       |       |     2 |     1 ||     3
   Cast: Magic Dart        |    85 |   101 |   187 |    52 ||   425
         Mephitic Cloud    |     1 |     6 |    40 |    22 ||    69
         Blink             |       |       |     2 |       ||     2
         Call Imp          |       |       |     7 |       ||     7
         Iskenderun's Myst |       |       |       |     2 ||     2
   Stab: Sleeping          |     2 |     1 |       |       ||     3
         Confused          |     2 |     5 |    27 |     9 ||    43
         Distracted        |       |       |     1 |       ||     1
 Armour: Robe              |    17 |     8 |    48 |       ||    73
         Steam dragon scal |       |       |    20 |    13 ||    33
  Dodge: Dodged            |    28 |    30 |   153 |    48 ||   259

Table legend: (Time is in decaauts)
 A = Elapsed time spent in this place.
 B = Non-inter-level travel time spent in this place.
 C = Inter-level travel time spent in this place.
 D = Time resting spent in this place.
 E = Time spent auto-exploring this place.
 F = Levels seen in this place.
 G = Mean time per level.
                   A        B        C        D        E       F      G
               +--------+--------+--------+--------+--------+-----+--------+
         Total |   9597 |   9291 |    306 |    212 |   7023 |  12 |  799.8 |
       Dungeon |   8348 |   8042 |    306 |    189 |   6193 |   9 |  927.6 |
        Temple |     13 |     13 |      0 |      0 |      0 |   1 |   13.0 |
         Sewer |    803 |    803 |      0 |      3 |    642 |   1 |  803.0 |
        Bailey |    432 |    432 |      0 |     20 |    188 |   1 |  432.0 |
               +--------+--------+--------+--------+--------+-----+--------+

Top non-repeatable levels by time:
     D:4: 1426 daAuts
     D:2: 1300 daAuts
     D:5: 1048 daAuts
     D:1: 1023 daAuts
     D:8: 875 daAuts
     D:3: 814 daAuts
   Sewer: 803 daAuts
     D:6: 773 daAuts
     D:7: 769 daAuts
  Bailey: 432 daAuts
     D:9: 316 daAuts
  Temple: 13 daAuts
